 Dungeon Crawl Stone Soup version 0.31-a0-358-gac0dbeb3ab (webtiles) character file.

Game seed: 14369293174024035218

200 BritishOli the Trooper (level 5, -4/42 HPs)
             Began as a Demonspawn Fighter on July 25, 2023.
             Slain by a gnoll
             ... wielding a +0 flail
              (10 damage)
             ... on level 4 of the Dungeon.
             The game lasted 00:02:30 (1999 turns).

BritishOli the Trooper (Demonspawn Fighter)         Turns: 1999, Time: 00:02:30

Health: -4/42      AC:  9    Str: 18    XL:     5   Next: 49%
Magic:  5/5        EV:  9    Int:  9    God:
Gold:   204        SH:  4    Dex: 13    Spells: 4/4 levels left

rFire   . . .        a - +0 war axe
rCold   . . .        c - +0 buckler
rNeg    . . .        b - +0 scale mail
rPois   .            (no helmet)
rElec   .            (no cloak)
rCorr   .            (no gloves)
SInv    .            (no boots)
Will    .....        (no amulet) Stlth
                     (no ring)
HPRegen 0.27/turn    (no ring)
MPRegen 0.09/turn

%: no passive effects
@: no status effects
A: thin metallic scales 2
a: no special abilities


You were on level 4 of the Dungeon.
You visited 1 branch of the dungeon, and saw 4 of its levels.

You collected 204 gold pieces.

Inventory:

Hand Weapons
 a - a +0 war axe (weapon)
Armour
 b - a +0 scale mail (worn)
 c - a +0 buckler (worn)
Wands
 n - a wand of light (6)
Scrolls
 e - a scroll of fear {unknown}
 f - a scroll of enchant weapon {unknown}
 g - 2 scrolls of teleportation {unknown}
 h - a scroll of poison {unknown}
 i - a scroll of revelation {unknown}
 j - 2 scrolls of identify {unknown}
Potions
 d - a potion of might
 k - a potion of ambrosia {unknown}
 l - a potion of resistance {unknown}
 m - a potion of haste {unknown}


   Skills:
 * Level 4.3 Fighting
 * Level 3.2 Axes
 + Level 3.4 Armour
 + Level 1.2 Dodging
 - Level 3.0 Shields


You had 4 spell levels left.
You didn't know any spells.
Your spell library contained the following spells:

 Spells                   Type           Power      Damage    Failure   Level
 Apportation              Tloc           0%         N/A       85%         1
 Poisonous Vapours        Pois/Air       0%         N/A       94%         2
 Wereblood                Tmut           0%         N/A       94%         2
 Mephitic Cloud           Conj/Pois/Air  0%         N/A       99%         3
 Alistair's Intoxication  Tmut/Pois      0%         N/A       100%        5
 Freezing Cloud           Conj/Ice/Air   0%         6-21      100%        5
 Irradiate                Conj/Tmut      0%         3d11      100%        5


Dungeon Overview and Level Annotations

Branches:
Dungeon (4/15)
 Temple: D:4-7

Altars:
Hepliaklqana
Ru

Shops:
D:1 (   D:3 =

Annotations:
D:2 Sigmund
D:3 2 transporters, AdnanSaban's ghost, amateur GrFi


Innate Abilities, Weirdness & Mutations

You are mostly covered in thin metallic scales. (AC +3)


Message History

You slash the ball python!
You kill the ball python!
You slash the gnoll! You hit the kobold.
You kill the kobold!
You completely miss the hound. The hound closely misses you.
The gnoll hits you but does no damage. The hound barely misses you.
Unknown command.
You barely miss the gnoll.
The gnoll is severely wounded.
You slash the endoplasm!
You kill the endoplasm!
You slash the hound! The hound bites you.
The gnoll hits you but does no damage. The hound barely misses you.
The gnoll hits you with a +0 flail!
* * * LOW HITPOINT WARNING * * *
You are too injured to fight recklessly!
Unknown command.
You are too injured to fight recklessly!
Unknown command.
You are too injured to fight recklessly!
Unknown command.
You closely miss the hound.
The hound is severely wounded.
You closely miss the gnoll. The hound bites you.
* * * LOW HITPOINT WARNING * * *
The hound bites you.
* * * LOW HITPOINT WARNING * * *
You block the gnoll's attack.
You closely miss the hound.
The hound is severely wounded.
You closely miss the gnoll. The hound bites you but does no damage.
The gnoll hits you with a +0 flail.
* * * LOW HITPOINT WARNING * * *
The hound bites you but does no damage.
Unknown command.
You hit the hound.
The hound is almost dead.
You hit the gnoll. The hound bites you but does no damage.
The gnoll hits you with a +0 flail!
You die...

.......########
...............
<..###.....###
...# #.....#
##########.#####
#...........#
#.#########.# #
####.####..#
#....)@g..#
#....)h)###
#.......#
..........#
.....###.###
..... #.. .....
... .... ....


You could see a hound and a gnoll.

Vanquished Creatures
  An ogre (D:3)
  2 adders
  3 gnolls (D:4)
  A worm (D:2)
  An orc (D:3)
  5 endoplasms
  3 giant cockroaches
  10 goblins
  5 hobgoblins
  A quokka (D:1)
  7 ball pythons
  7 bats
  3 frilled lizards
  10 kobolds
  5 rats
64 creatures vanquished.

Notes
Turn   | Place    | Note
-------+----------+-------------------------------------------
     0 | D:1      | BritishOli the Demonspawn Fighter began the quest for the
                  | Orb.
     0 | D:1      | Reached XP level 1. HP: 18/18 MP: 1/1
    49 | D:1      | Found Imem's Weapon Shop.
    88 | D:1      | You fall into a shaft and drop 1 floor!
   130 | D:2      | Noticed Sigmund
   149 | D:1      | Gained mutation: You are partially covered in thin metallic
                  | scales. (AC +2) [demonic ancestry]
   149 | D:1      | Reached XP level 2. HP: 10/24 MP: 2/2
   500 | D:1      | Found a faded altar of an unknown god.
   800 | D:1      | Reached XP level 3. HP: 25/28 MP: 3/3
  1421 | D:3      | Identified the +3 whip "Dyin" {flame, rF- rC+ SInv}
  1453 | D:3      | Gained mutation: You are mostly covered in thin metallic
                  | scales. (AC +3) [demonic ancestry]
  1453 | D:3      | Reached XP level 4. HP: 24/37 MP: 4/4
  1593 | D:3      | Found a sacrificial altar of Ru.
  1646 | D:3      | Found a transporter.
  1649 | D:3      | Noticed AdnanSaban's ghost (amateur GrFi)
  1671 | D:3      | Found Xaudoteo's Jewellery Emporium.
  1732 | D:3      | Found a transporter.
  1764 | D:3      | Noticed an ogre
  1773 | D:3      | Killed an ogre
  1774 | D:3      | Reached skill level 4 in Fighting
  1774 | D:3      | Reached skill level 1 in Dodging
  1774 | D:3      | Reached XP level 5. HP: 30/42 MP: 5/5
  1959 | D:4      | Found a hazy altar of Hepliaklqana.
  1999 | D:4      | Slain by a gnoll

Illustrated notes

Levels and vault maps discovered:
D:1:      lightli_arrival_quake, layout_loops_cross, serial_shops,
          nicolae_lakefront_shop, dilly_ecumenical_altar_fadedgnrine,
          corexii_corridor_pit, nrook_mini_backslash
D:2:      layout_basic, serial_glass, glass_columns_b, glass_columns_c,
          uniq_sigmund
D:3:      layout_rooms, nicolae_ru_the_path_less_chosen, gammafunk_ghost_arena,
          serial_shops, shop
D:4:      gammafunk_cloud_chamber, layout_basic,
          lemuel_zombie_altar_kikubaaqudgha, nicolae_qazlal_eye_of_the_storm,
          fedhas_altar_1, mainiacjoe_overflow_cross_hatched,
          minmay_temple_entry_trees

Skill      XL: |  1  2  3  4 |
---------------+-------------+-----
Axes           | 2 3 |  3.2
Armour         | 3 |  3.4
Shields        | 3 |  3.0
Fighting       | 4 |  4.3
Dodging        | 1 |  1.2

Action                     |  1- 3 |  4- 6 || total
---------------------------+-------+-------++-------
  Melee: War axe           |   154 |    33 ||   187
 Armour: Scale mail        |   106 |    21 ||   127
  Dodge: Dodged            |    68 |    26 ||    94
  Block: Buckler           |    41 |    10 ||    51

Table legend: (Time is in decaauts)
 A = Elapsed time spent in this place.
 B = Non-inter-level travel time spent in this place.
 C = Inter-level travel time spent in this place.
 D = Time resting spent in this place.
 E = Time spent auto-exploring this place.
 F = Levels seen in this place.
 G = Mean time per level.
                   A        B        C        D        E       F      G
               +--------+--------+--------+--------+--------+-----+--------+
         Total |   2076 |   1967 |    109 |     85 |   1399 |   4 |  519.0 |
       Dungeon |   2076 |   1967 |    109 |     85 |   1399 |   4 |  519.0 |
               +--------+--------+--------+--------+--------+-----+--------+

Top non-repeatable levels by time:
     D:1: 1061 daAuts
     D:3: 585 daAuts
     D:2: 384 daAuts
     D:4: 44 daAuts
